 Dungeon Crawl Stone Soup version bcrawl-1.17.3 (webtiles) character file.

Game seed: 9208777281418678634

375 esc the Skirmisher (level 6, -3/52 HPs)
             Began as a Demigod Archaeologist on Oct 25, 2019.
             Slain by a worker ant (4 damage)
             ... on level 4 of the Dungeon.
             The game lasted 00:20:41 (6313 turns).

esc the Skirmisher (Demigod Archaeologist)          Turns: 6313, Time: 00:20:41

Health: -3/52      AC:  9    Str: 19    XL:     6   Next: 44%
Magic:  6/8        EV:  9    Int: 18    God:    Demigod [**....]
Gold:   286        SH:  3    Dex: 15    Spells: 5/5 levels left

rFire    . . .     SeeInvis .   a - +0 whip
rCold    . . .     Gourm    .   h - +0 buckler
rNeg     . . .     Faith    +   u - +0 ring mail
rPois    .         Spirit   .   m - +0 helmet
rElec    .         Reflect  .   n - +0 cloak
rCorr    .         Harm     .   (no gloves)
MR       .....                  d - +1 pair of boots
Stlth    +.........             p - amulet of faith
HPRegen  0.17/turn              (no ring)
MPRegen  0.11/turn              (no ring)

@: lethally poisoned (-3 -> -24), studying Long Blades, very heavily drained
A: high mp 1
a: Temporal Distortion, Growth


You were on level 4 of the Dungeon.
You worshipped Demigod.
Demigod was pleased with you.
You were not hungry.

You visited 1 branch of the dungeon, and saw 5 of its levels.

You collected 286 gold pieces.

Inventory:

Hand Weapons
 a - a +0 whip (weapon)
Missiles
 j - 370 tomahawks (quivered)
 k - 128 javelins
Armour
 d - a +1 pair of boots (worn)
 h - a +0 buckler (worn)
 m - a +0 helmet (worn)
 n - a +0 cloak (worn)
 u - a +0 ring mail (worn)
Jewellery
 p - an amulet of faith (around neck)
Scrolls
 c - a scroll of amnesia {unknown}
 l - a scroll of remove curse
 v - a scroll of magic mapping
Potions
 o - a potion of magic
 s - a potion of mutation
Books
 e - a manual of Long Blades
Miscellaneous
 f - an ancient crate
Comestibles
 b - 2 chunks of flesh
 g - 6 rations {!d}


   Skills:
 + Level 4.0(0.0) Fighting
 - Level 1.7(0.0) Maces & Flails
 - Level 2.6(0.0) Dodging
 - Level 3.0(0.0) Stealth
 + Level 3.9(0.0) Shields


You had 5 spell levels left.
You didn't know any spells.
Your spell library was empty.

Dungeon Overview and Level Annotations

Branches:
Dungeon (5/12)
 Temple: D:4-7

Annotations:
D:2 exclusion: adder, Sigmund
D:3 1 runed translucent door, Lanoc's ghost, amateur DjRe
D:4 exclusion: ogre, Blork the orc


Innate Abilities, Weirdness & Mutations

You have an increased reservoir of magic. (+10% MP)


Message History

The worker ant is moderately wounded.
* * * LOW HITPOINT WARNING * * *
You feel sick. The worker ant barely misses you.
You hit the worker ant.
The worker ant is heavily wounded.
* * * LOW HITPOINT WARNING * * *
You feel sick.
The worker ant bites you but does no damage.
You hit the worker ant.
The worker ant is severely wounded.
* * * LOW HITPOINT WARNING * * *
You feel sick. The worker ant bites you.
* * * LOW HITPOINT WARNING * * *
You are more poisoned.
The worker ant poisons you!
You fail to use your ability.
* * * LOW HITPOINT WARNING * * *
You feel sick. The worker ant bites you.
You die...
Your divinity fades.

#.##.##....)...#####...##.#.###.#
#.##..#......###.#........#..##..
#.###.##...###...##.......#..###.
#.###..#.### .....#........#..##.
'......# #. ##...##........#.##.
#....#?# ...##(....#..#..#.......
#....#.# #....#P.##.#.##...###.
#....#.. #...Pa#..#......###...
#.####.o##..#..P@#..##...### #.(#
#.# ...#......#......#### #..#
#.# .#.##...##...######.# #.##
#.# .#..#..#...###...##.# ##.#
#.# ##...###...#.##.###..# #..
#.###...###...>##...# ####
#.#.#.o.######...)a.#.# #.....###
#.......###.# #######
#...........#


You could see a worker ant.

Vanquished Creatures
  A scorpion (D:4)
  A crimson imp (D:4)
  A hound (D:4)
  2 orc wizards
  An iguana (D:4)
  A worker ant (D:2)
  A hound skeleton (D:4)
  3 adders
  4 worms
  6 dart slugs
  4 leopard geckos
  10 orcs
  5 bats
  A giant cockroach (D:3)
  4 goblins (D:1)
  7 hobgoblins
  4 jackals
  2 quokkas (D:2)
  2 ball pythons
  2 frilled lizards
  19 kobolds
  10 rats
91 creatures vanquished.

Notes
Turn   | Place    | Note
-------+----------+-------------------------------------------
     0 | D:1      | esc the Demigod Archaeologist began the quest for the Orb.
     0 | D:1      | Reached XP level 1. HP: 15/15 MP: 3/3
    41 | D:1      | Reached skill level 1 in Maces & Flails
   567 | D:1      | Reached skill level 1 in Fighting
   567 | D:1      | Reached XP level 2. HP: 16/23 MP: 4/4
   694 | D:1      | Reached skill level 1 in Shields
  1433 | D:1      | Reached XP level 3. HP: 24/28 MP: 5/5
  2033 | D:2      | Reached * piety under Demigod
  2384 | D:2      | Reached skill level 2 in Fighting
  2384 | D:2      | Reached XP level 4. HP: 12/36 MP: 6/6
  2815 | D:2      | Noticed Sigmund
  2902 | D:2      | Found a hazy altar of Hepliaklqana.
  3002 | D:2      | Found a sacrificial altar of Ru.
  3166 | D:3      | Found a blossoming altar of Fedhas.
  3168 | D:3      | Found a radiant altar of Vehumet.
  3170 | D:3      | Found a sparkling altar of Nemelex Xobeh.
  3170 | D:3      | Found a snail-covered altar of Cheibriados.
  3171 | D:3      | Found a glowing golden altar of the Shining One.
  3172 | D:3      | Found an ornate altar of the Wu Jian Council.
  3172 | D:3      | Found a basalt altar of Yredelemnul.
  3194 | D:3      | Found a runed translucent door.
  3197 | D:3      | Noticed Lanoc's ghost (amateur DjRe)
  3200 | D:3      | Noticed a slime creature
  3639 | D:3      | Found a runed door.
  4476 | D:4      | Noticed Blork the orc
  4530 | D:4      | Reached skill level 3 in Fighting
  4530 | D:4      | Reached XP level 5. HP: 45/45 MP: 7/7
  4832 | D:4      | Noticed an ogre
  4947 | D:4      | Reached ** piety under Demigod
  5222 | D:4      | Reached XP level 6. HP: 48/51 MP: 8/8
  5688 | D:5      | Entered Level 5 of the Dungeon
  5779 | D:4      | Reached skill level 4 in Fighting
  6123 | D:4      | Noticed a moth of wrath
  6126 | D:4      | Found a bloodstained altar of Trog.
  6312 | D:4      | HP: 2/52 [worker ant (3)]
  6313 | D:4      | Slain by a worker ant

Skill      XL: |  1  2  3  4  5  6 |
---------------+-------------------+-----
Maces & Flails | 1 |  1.7
Fighting       | 1 2 3 4 |  4.0
Shields        | 1 2 3 |  3.9
Dodging        | |  2.6
Stealth        | |  3.0

Action                   |  1- 3 |  4- 6 || total
-------------------------+-------+-------++-------
Melee: Whip              |   192 |   377 ||   569
Throw: Javelin           |     1 |     8 ||     9
       Throwing net      |       |     1 ||     1
Invok: Growth            |       |     1 ||     1
Evoke: Wand              |     5 |     5 ||    10
  Use: Potion            |     3 |     2 ||     5
       Scroll            |     1 |     6 ||     7
 Stab: Sleeping          |    10 |     6 ||    16
       Invisible         |    10 |     4 ||    14
  Eat: Chunk             |     4 |     9 ||    13
       Ration            |     1 |     1 ||     2
Armor: Robe              |    41 |    16 ||    57
       Ring mail         |       |   139 ||   139
Dodge: Dodged            |    88 |   177 ||   265
Block: Buckler           |    28 |    75 ||   103
